 Dungeon Crawl Stone Soup version 0.29-a0-821-g66395355a5 (webtiles) character file.

Game seed: 8145559784795290828

3421 blackman the Blocker (level 10, -2/70 HPs)
             Began as a Human Delver on July 7, 2022.
             Was a Believer of Ashenzari.
             Slain by a skeletal warrior
             ... wielding a +2 vorpal flail
              (5 damage)
             ... on level 8 of the Dungeon.
             The game lasted 00:28:08 (9431 turns).

blackman the Blocker (Human Delver)                 Turns: 9431, Time: 00:28:09

Health: -2/70      AC: 12    Str: 14    XL:     10   Next: 25%
Magic:  10/10      EV:  6    Int: 14    God:    Ashenzari [**....]
Gold:   492        SH: 20    Dex: 18    Spells: 9/9 levels left

rFire   . . .      SeeInvis +   P - +0 war axe
rCold   . . .      Faith    .   k - +2 tower shield "Vision of Ashenzari" {Cun, Melee} (curse)
rNeg    . . .      Spirit   .   F - +0 plate armour
rPois   .          Reflect  .   (helmet restricted)
rElec   .          Harm     .   (no cloak)
rCorr   .          Rampage  .   n - +0 pair of gloves of the Bound Affliction {Fort, Alch} (curse)
Will    .....                   J - +0 pair of boots "Overhang to Understand" {Elem, Bglg} (curse)
Stlth   ..........              K - amulet of regeneration
HPRegen 1.01/turn               j - ring of Ashenzari's Oracle {EV+4, Fort, Range} (curse)
MPRegen 0.12/turn               (no ring)

@: no status effects
A: horns 1, agile 1, clever 1
a: Renounce Religion, Curse Item, Shatter the Chains


You were on level 8 of the Dungeon.
You worshipped Ashenzari.
Ashenzari was pleased with you.
You visited 2 branches of the dungeon, and saw 10 of its levels.

You collected 492 gold pieces.

Inventory:

Hand Weapons
 a - a +0 hand axe
 G - a +2 flail of draining
 O - a +4 scimitar of freezing
 P - a +0 war axe (weapon)
Missiles
 l - 17 poisoned darts (quivered)
Armour
 b - a +0 leather armour
 h - a +0 chain mail
 k - the cursed +2 tower shield "Vision of Ashenzari" (worn) {Cun, Melee}
   (You found it on level 4 of the Dungeon)

   It has a curse which improves the following skills: Cunning: Dodging and
   Stealth.
   Melee Combat: Short Blades, Long Blades, Axes, Maces & Flails, Polearms,
   Staves and Unarmed Combat.
 n - the cursed +0 pair of gloves of the Bound Affliction (worn) {Fort, Alch}
   (You found it on level 3 of the Dungeon)

   It has a curse which improves the following skills: Fortitude: Armour and
   Shields.
   Alchemy:   Poison Magic and Transmutations.
 F - a +0 plate armour (worn)
 J - the cursed +0 pair of boots "Overhang to Understand" (worn) {Elem, Bglg}
   (You found it on level 6 of the Dungeon)

   It has a curse which improves the following skills: Elements: Fire Magic, Ice
   Magic, Air Magic and Earth Magic.
   Beguiling: Conjurations, Hexes and Translocations.
Jewellery
 j - the cursed ring of Ashenzari's Oracle (left hand) {EV+4, Fort, Range}
   (You found it on level 5 of the Dungeon)

   [ring of evasion]

   EV:        It affects your evasion (+4).
   It has a curse which improves the following skills: Fortitude: Armour and
   Shields.
   Ranged Combat: Ranged Weapons and Throwing.
 I - an amulet of magic regeneration
 K - an amulet of regeneration (around neck)
 N - a ring of protection from fire
Wands
 d - a wand of paralysis (4)
 f - a wand of flame (8)
 g - a wand of digging (3)
 H - a wand of roots (1)
Scrolls
 c - a scroll of fog
 e - 2 scrolls of fear
 o - a scroll of noise
 p - a scroll of teleportation
 s - 2 scrolls of enchant weapon
 u - 2 scrolls of immolation
 v - 2 scrolls of amnesia
 w - 3 scrolls of vulnerability
 y - a scroll of poison
 E - 2 scrolls of blinking
 L - a scroll of magic mapping
 M - a scroll of silence
Potions
 i - a potion of might
 m - a potion of degeneration
 q - 6 potions of curing
 r - a potion of heal wounds
 t - 4 potions of brilliance
 x - 2 potions of attraction
 z - 8 potions of lignification
 A - a potion of flight
 B - a potion of mutation
 C - a potion of berserk rage
 D - a potion of ambrosia


   Skills:
 * Level 3.0 Fighting
 - Level 9.2(10.4) Axes
 * Level 0.0(0.2) Armour
 - Level 2.0(3.0) Dodging
 - Level 5.0(6.2) Stealth
 - Level 10.7(12.5) Shields


You had 9 spell levels left.
You didn't know any spells.
Your spell library contained the following spells:

 Spells                   Type           Power      Damage    Failure   Level
 Apportation              Tloc           0%         N/A       100%        1
 Summon Small Mammal      Summ           0%         N/A       100%        1
 Scorch                   Fire           0%         2d5       100%        2
 Call Canine Familiar     Summ           0%         N/A       100%        3
 Dazzling Flash           Conj/Hex       0%         N/A       100%        3
 Gell's Gravitas          Tloc           0%         N/A       100%        3
 Lesser Beckoning         Tloc           0%         N/A       100%        3
 Summon Guardian Golem    Hex/Summ       0%         N/A       100%        3
 Teleport Other           Tloc           0%         N/A       100%        3
 Animate Dead             Necr           0%         N/A       100%        4
 Flame Wave               Conj/Fire      0%         2d4       100%        4
 Passage of Golubria      Tloc           0%         N/A       100%        4
 Agony                    Necr           0%         N/A       100%        5
 Alistair's Intoxication  Tmut/Pois      0%         N/A       100%        5
 Borgnjor's Vile Clutch   Necr/Erth      0%         N/A       100%        5
 Silence                  Hex/Air        0%         N/A       100%        5
 Death Channel            Necr           0%         N/A       100%        6
 Summon Cactus Giant      Summ           0%         N/A       100%        6
 Lehudib's Crystal Spear  Conj/Erth      0%         10d2      100%        8


Dungeon Overview and Level Annotations

Branches:
Dungeon (9/15)             Temple (1/1) D:4            Lair (0/6) D:9
    Orc: D:9-12

Altars:
Ashenzari
Cheibriados
Dithmenos
Elyvilon
Fedhas
Gozag
Hepliaklqana
Kikubaaqudgha
Makhleb
Nemelex Xobeh
Okawaru
Qazlal
Ru
Sif Muna
Trog
Uskayaw
Vehumet
Wu Jian
Xom
Yredelemnul
The Shining One

Shops:
D:2 ?

Annotations:
D:2 1 runed translucent door, Crazy Yiuf
D:5 3 runed translucent doors, hgbash's ghost, amateur GrBe; purpskrrrp's ghost, novice OpBr; urtho's ghost, novice DECj
D:8 1 runed translucent door, gdog's ghost, novice GnDe


Innate Abilities, Weirdness & Mutations

You have a pair of small horns on your head.
You are agile. (Dex +4, Str/Int -1)
Your mind is acute. (Int +4, Str/Dex -1)


Message History

There is a stone staircase leading down here.
You climb downwards.
You block the skeletal warrior's attack.
There is a stone staircase leading up here.
You block the skeletal warrior's attack.
You climb upwards.
Level annotation: 1 runed translucent door, gdog's ghost, novice GnDe
There is a stone staircase leading down here.
You barely miss the skeletal warrior.
You block the skeletal warrior's attack.
You hit the skeletal warrior but do no damage.
You headbutt the skeletal warrior, but do no damage.
The skeletal warrior hits you with a +2 vorpal flail!!
You block the skeletal warrior's attack.
Press: ? - help, v - describe, . - travel
Here: a skeletal warrior, wielding a +2 vorpal flail The floor.
Aiming: Fastroot
Press: ? - help, Shift-Dir - straight line The roots erupt in riotous growth!
Roots grab the skeletal warrior.
The grasping roots constrict the skeletal warrior.
The skeletal warrior hits you with a +2 vorpal flail!
The grasping roots constrict the skeletal warrior, but do no damage.
The roots release their grip on the skeletal warrior.
The skeletal warrior attacks as you move away!
You block the skeletal warrior's attack.
Cleave: P) +0 war axe
Press: ? - help, Dir - move target, f - skeletal warrior
Aim: a skeletal warrior, wielding a +2 vorpal flail (lightly damaged, about 35% to evade your +0 war axe)
Okay, then.
Unknown command.
Aiming: Fastroot
Press: ? - help, Shift-Dir - straight line The roots erupt in riotous growth!
Roots grab the skeletal warrior.
The grasping roots constrict the skeletal warrior, but do no damage.
The skeletal warrior hits you with a +2 vorpal flail!!
* * * LOW HITPOINT WARNING * * *
You die...

.........#....#.....'.....#
.........#....#.....#.....#
.........'....+.....#.....#
.........##...##....#.....#
####......#...##....#######
#......#..............#
#......'..............#
#......#..............#
#......#...>z@........#
#......################
########


You could see a skeletal warrior (rooted).

Vanquished Creatures
  A two-headed ogre (D:9)
  Prince Ribbit (D:9)
  Grinder (D:5)
  A steam dragon (D:9)
  Edmund (D:5)
  2 black bears
  An ogre (D:5)
  A centaur (D:7)
  2 kobold brigands (D:8)
  2 bullfrogs
  A scorpion (D:6)
  3 wights
  17 killer bees
  A howler monkey (D:8)
  2 jellies
  3 hounds
  2 orc priests (D:9)
  3 iguanas
  3 orc wizards
  3 gnolls
  11 adders
  3 shadow imps
  A white imp (D:8)
  A worm (D:4)
  6 dart slugs
  6 orcs
  5 ball pythons
  2 endoplasms
  2 giant cockroaches
  2 goblins
  5 hobgoblins
  2 jackals (D:2)
  5 quokkas
  5 bats
  5 frilled lizards
  16 kobolds
  4 rats (D:1)
132 creatures vanquished.

Vanquished Creatures (others)
  7 fungi (D:5)
  3 withered plants (D:5)
10 creatures vanquished.

Grand Total: 142 creatures vanquished

Notes
Turn   | Place    | Note
-------+----------+-------------------------------------------
     0 | D:5      | blackman the Human Delver began the quest for the Orb.
     0 | D:5      | Reached XP level 1. HP: 18/18 MP: 1/1
    50 | D:5      | Noticed Edmund
    50 | D:5      | Noticed an ogre
    84 | D:6      | Noticed a jelly
   103 | D:6      | Noticed a scorpion
   119 | D:5      | Found a snail-covered altar of Cheibriados.
   144 | D:5      | Reached XP level 2. HP: 14/24 MP: 2/2
   455 | D:5      | Found a runed translucent gate.
   455 | D:5      | Found a runed translucent gate.
   455 | D:5      | Found a runed translucent gate.
   455 | D:5      | Noticed urtho's ghost (novice DECj)
   455 | D:5      | Noticed purpskrrrp's ghost (novice OpBr)
   455 | D:5      | Noticed hgbash's ghost (amateur GrBe)
   489 | D:4      | Reached XP level 3. HP: 25/29 MP: 3/3
   786 | D:4      | Found a staircase to the Ecumenical Temple.
   796 | Temple   | Entered the Ecumenical Temple
   902 | Temple   | Became a worshipper of Ashenzari the Shackled
   928 | D:4      | Gained mutation: You have a pair of small horns on your
                  | head. [potion of mutation]
   928 | D:4      | Gained mutation: Your mind is acute. (Int +4, Str/Dex -1)
                  | [potion of mutation]
   928 | D:4      | Gained mutation: You are agile. (Dex +4, Str/Int -1)
                  | [potion of mutation]
   941 | D:4      | Noticed a black bear
  1809 | D:3      | Found a hazy altar of Hepliaklqana.
  1878 | D:3      | Reached XP level 4. HP: 31/35 MP: 4/4
  2542 | D:4      | Reached XP level 5. HP: 33/41 MP: 5/5
  2694 | D:2      | Found Sahej's Magic Scroll Shop.
  2796 | D:2      | Reached skill level 5 in Axes
  2879 | D:2      | Found an iron altar of Okawaru.
  3348 | D:1      | Found a faded altar of an unknown god.
  3648 | D:1      | Reached * piety under Ashenzari
  4181 | D:2      | Found a runed translucent door.
  4182 | D:2      | Noticed Crazy Yiuf
  4268 | D:4      | Killed a black bear
  4269 | D:4      | Reached XP level 6. HP: 36/47 MP: 6/6
  4589 | D:4      | Reached ** piety under Ashenzari
  5307 | D:5      | Noticed Grinder
  5309 | D:5      | Found an opulent altar of Gozag.
  5319 | D:5      | Reached XP level 7. HP: 50/52 MP: 7/7
  5352 | D:5      | Killed Grinder
  5404 | D:5      | Killed Edmund
  5405 | D:5      | Reached XP level 8. HP: 55/58 MP: 8/8
  6719 | D:7      | Found a burning altar of Makhleb.
  6733 | D:7      | Reached skill level 2 in Shields
  6921 | D:7      | Reached skill level 3 in Shields
  7111 | D:7      | Found a radiant altar of Vehumet.
  7189 | D:8      | Found a runed translucent door.
  7189 | D:8      | Noticed a ynoxinul
  7189 | D:8      | Noticed gdog's ghost (novice GnDe)
  7189 | D:8      | Identified the Compilation of the Boulder
  7219 | D:8      | Found a stormy altar of Qazlal.
  7229 | D:8      | Reached skill level 4 in Shields
  7236 | D:8      | Found a hide-covered altar of Uskayaw.
  7236 | D:8      | Noticed a +0 hand axe
  7236 | D:8      | Noticed a +0 dagger
  7322 | D:8      | Reached skill level 5 in Shields
  7322 | D:8      | Reached XP level 9. HP: 46/61 MP: 9/9
  7672 | D:8      | Reached skill level 6 in Shields
  8131 | D:8      | Reached skill level 7 in Shields
  8153 | D:8      | Identified the cursed +0 pair of gloves of the Bound
                  | Affliction {Fort, Alch} (You found it on level 3 of the
                  | Dungeon)
  8153 | D:8      | Identified the cursed +0 pair of boots "Overhang to
                  | Understand" {Elem, Bglg} (You found it on level 6 of the
                  | Dungeon)
  8395 | D:9      | Reached skill level 8 in Shields
  8432 | D:9      | Noticed Prince Ribbit
  8442 | D:9      | Killed Prince Ribbit
  8866 | D:9      | Reached skill level 9 in Shields
  8895 | D:9      | Found a staircase to the Lair.
  8997 | D:9      | Reached XP level 10. HP: 69/70 MP: 10/10
  9014 | D:9      | Noticed a skeletal warrior
  9014 | D:9      | Noticed a two-headed ogre
  9014 | D:9      | Noticed a skeletal warrior
  9104 | D:9      | Noticed a skeletal warrior
  9108 | D:9      | Killed a two-headed ogre
  9109 | D:9      | Reached skill level 10 in Shields
  9431 | D:8      | HP: 3/70 [skeletal warrior/+2 vorpal flail (22)]
  9431 | D:8      | Slain by a skeletal warrior

Illustrated notes

Levels and vault maps discovered:
D:1:      kennysheep_arrival_forest, layout_basic, ebering_ecumenical_altar_webs
D:2:      layout_loops_ring, serial_shops, nicolae_shop_crystal, basic_altar,
          minmay_tromino_v2, uniq_crazy_yiuf_cottage
D:3:      layout_basic, worldfamousw_hep_ancestral_shrine, lemuel_another_geyser
D:4:      layout_loops_ring, minmay_temple_entry_steel_oval
D:5:      layout_rooms, kennysheep_slug_shrine, mainiacjoe_overflow_alcove_4,
          gammafunk_ghost_cemetery, uniq_grinder, uniq_edmund
D:6:      layout_basic
D:7:      layout_rooms, overflow_temple_1_default, vehumet_crystals
D:8:      layout_gridville, dancing_weapons_uskayaw,
          nicolae_overflow_crystal_walls, hellmonk_ghost_big_iron
D:9:      layout_roguey, dpeg_oklobed_lair, uniq_prince_ribbit1
Temple:   nicolae_temple_great_sept

Skill      XL: |  1  2  3  4  5  6  7  8  9 10 |
---------------+-------------------------------+-----
Axes           | 3 4 6 8 9 |  9.2
Shields        | 5 9 10 | 10.7
Fighting       | |  3.0
Dodging        | |  2.0
Stealth        | |  5.0

Action                   |  1- 3 |  4- 6 |  7- 9 | 10-12 || total
-------------------------+-------+-------+-------+-------++-------
Melee: Hand axe          |    59 |   182 |    17 |       ||   258
       Headbutt          |     2 |    40 |    47 |     3 ||    92
       Flail             |       |       |   127 |       ||   127
       War axe           |       |       |    91 |    21 ||   112
Throw: Dart              |       |       |       |     2 ||     2
Invok: Curse Item        |       |     3 |     1 |       ||     4
Evoke: Wand              |     1 |     2 |    12 |     7 ||    22
  Use: Potion            |     3 |       |     2 |       ||     5
       Scroll            |     1 |     6 |       |     1 ||     8
 Stab: Paralysed         |     3 |     4 |    17 |       ||    24
Armor: Chain mail        |    29 |    79 |       |       ||   108
       Leather armour    |     1 |       |       |       ||     1
       Plate armour      |       |     2 |   149 |    10 ||   161
       Skin              |       |       |    33 |       ||    33
Dodge: Dodged            |    14 |    37 |    46 |     3 ||   100
Block: Tower shield      |    26 |   130 |   310 |    39 ||   505

Table legend: (Time is in decaauts)
 A = Elapsed time spent in this place.
 B = Non-inter-level travel time spent in this place.
 C = Inter-level travel time spent in this place.
 D = Time resting spent in this place.
 E = Time spent auto-exploring this place.
 F = Levels seen in this place.
 G = Mean time per level.
                   A        B        C        D        E       F      G
               +--------+--------+--------+--------+--------+-----+--------+
         Total |   9622 |   9203 |    419 |   2082 |   5408 |  10 |  962.2 |
       Dungeon |   9505 |   9129 |    376 |   2082 |   5348 |   9 | 1056.1 |
        Temple |    116 |     73 |     43 |      0 |     60 |   1 |  116.0 |
               +--------+--------+--------+--------+--------+-----+--------+

Top non-repeatable levels by time:
     D:4: 1404 daAuts
     D:3: 1368 daAuts
     D:8: 1294 daAuts
     D:5: 1180 daAuts
     D:6: 1144 daAuts
     D:1: 871 daAuts
     D:9: 762 daAuts
     D:2: 744 daAuts
     D:7: 734 daAuts
  Temple: 116 daAuts
